 Dungeon Crawl Stone Soup version 0.19.1 (webtiles) character file.

100 M4edhros the Shield-Bearer (level 4, -2/31 HPs)
             Began as an Octopode Chaos Knight on Dec 25, 2016.
             Slain by a frilled lizard (3 damage)
             ... on level 2 of the Dungeon.
             The game lasted 00:02:46 (5580 turns).

M4edhros the Shield-Bearer (Octopode Chaos Knight)  Turns: 5580, Time: 00:02:47

Health: -2/31      AC:  1    Str: 11    XL:     4   Next: 73%
Magic:  4/4        EV: 11    Int: 14    God:    Xom [......]
Gold:   75         SH:  0    Dex: 15    Spells: 0 memorised, 3 levels left

rFire  . . .     SeeInvis .     a - +0 spear (chaos)
rCold  . . .     Gourm    .     c - +0 shield
rNeg   . . .     Faith    .     (helmet restricted)
rPois  .         Spirit   .     (no amulet)
rElec  .         Reflect  .     e - +3 ring of dexterity
rCorr  .         Harm     .     (no ring)
MR     .....                    (no ring)
Stlth  ++........               (no ring)
                                (no ring)
                                (no ring)
                                (no ring)
                                (no ring)

@: confused, drained
A: almost no armour, stealthy swim, amphibious, 8 rings, constrict 8, camouflage
1, gelatinous body 1
a: Renounce Religion


You were on level 2 of the Dungeon.
You worshipped Xom.
You were a very special plaything of Xom.
You were not hungry.

You visited 1 branch of the dungeon, and saw 2 of its levels.

You collected 75 gold pieces.

Inventory:

Hand Weapons
 a - a +0 spear of chaos (weapon)
Armour
 c - a +0 shield (worn)
Jewellery
 e - a +3 ring of dexterity (left tentacle)
 i - an uncursed ring of poison resistance {unknown}
Wands
 j - a wand of iceblast (8/15)
Scrolls
 d - 2 scrolls of amnesia {unknown}
 f - a scroll of remove curse {unknown}
 g - a scroll of fog {unknown}
 h - a scroll of enchant weapon {unknown}
 l - 3 scrolls of identify {unknown}
 m - a scroll of fear {unknown}
Comestibles
 b - 3 bread rations
 k - a chunk of flesh


   Skills:
 - Level 3.0(2.4) Fighting
 - Level 3.0(2.4) Polearms
 - Level 2.3(1.8) Dodging
 + Level 4.2(3.6) Shields


You had 3 spell levels left.
You didn't know any spells.

Dungeon Overview and Level Annotations

Branches:
Dungeon (2/15)

Altars:


Innate Abilities, Weirdness & Mutations

You cannot wear most types of armour.
You are very stealthy in the water. (Stealth+)
You are amphibious.
You can wear up to eight rings at the same time.
You can use your tentacles to constrict eight enemies at once.
Your skin changes colour to match your surroundings (Stealth+).
Your rubbery body absorbs attacks. (AC +1, EV +1)


Message History

You are more confused.
* * * LOW HITPOINT WARNING * * *
The frilled lizard barely misses you.
Unknown command.
You are too injured to fight recklessly!
Unknown command.
You are too injured to fight recklessly!
Unknown command.
You are too injured to fight recklessly!
You miss the frilled lizard. The frilled lizard barely misses you.
You bump into the rock wall.
The kobold barely misses you. The frilled lizard bites you.
* * * LOW HITPOINT WARNING * * *
Unknown command.
You aren't carrying any potions.
You're too confused!
Unknown command.
You bump into the rock wall.
The kobold hits you but does no damage. The frilled lizard bites you.
You die...

## #.. #
#.. ..
#..# ..#
#..## ..#
#(.## ..#
#l.#..#
#)#@K.#
#######
#### ####
..#####...


You could see a kobold and a frilled lizard.

Vanquished Creatures
  Jessica (D:2)
  2 adders (D:2)
  An ooze (D:2)
  3 dart slugs
  2 leopard geckos
  2 giant cockroaches (D:1)
  6 goblins
  9 hobgoblins
  4 kobolds
  2 quokkas (D:2)
  A ball python (D:2)
  6 bats
  3 frilled lizards (D:1)
  3 rats
45 creatures vanquished.

Vanquished Creatures (others)
  A hobgoblin (D:2)
1 creature vanquished.

Grand Total: 46 creatures vanquished

Notes
Turn   | Place    | Note
-------+----------+-------------------------------------------
     0 | D:1      | M4edhros the Octopode Chaos Knight began the quest for the Orb.
     0 | D:1      | Reached XP level 1. HP: 16/16 MP: 1/1
   215 | D:1      | XOM: divination: magic mapping
   587 | D:1      | XOM: cloud trail
  1206 | D:1      | XOM: harmless Ice miscast
  1294 | D:1      | XOM: cast spell 'Dragon Form'
  1510 | D:1      | Reached skill level 1 in Shields
  1609 | D:1      | XOM: 1-stop teleportation journey
  1767 | D:1      | XOM is BORED!
  1767 | D:1      | XOM: 1-stop teleportation journey
  1769 | D:1      | Reached XP level 2. HP: 21/21 MP: 2/2
  2078 | D:1      | Reached skill level 2 in Shields
  2554 | D:1      | XOM: harmless Tmut miscast
  2763 | D:1      | XOM: 1-stop teleportation journey
  3012 | D:1      | Reached XP level 3. HP: 19/26 MP: 3/3
  3221 | D:1      | XOM: give mutation
  3221 | D:1      | Gained mutation: Your spells are a little harder to cast, but a little more powerful. [Xom's mischief]
  3399 | D:1      | XOM: draining
  3866 | D:1      | XOM: give mutations
  3866 | D:1      | Gained mutation: You are clumsy. (Dex -2) [Xom's mischief]
  3866 | D:1      | Gained mutation: You are dopey. (Int -2) [Xom's mischief]
  3866 | D:1      | Lost mutation: You are dopey. (Int -2) [Xom's mischief]
  3866 | D:1      | Gained mutation: You are frail. (-10% HP) [Xom's mischief]
  4002 | D:1      | XOM: mild Divn miscast
  4241 | D:1      | XOM: give mutations
  4241 | D:1      | Gained mutation: You occasionally shout uncontrollably at your foes. [Xom's mischief]
  4241 | D:1      | Gained mutation: One of your tentacles bears a spike. [Xom's mischief]
  4545 | D:2      | XOM: stat loss: -1 Str (10/11)
  4550 | D:2      | Reached skill level 3 in Shields
  4595 | D:2      | XOM: summons 2 hostile shadow creatures
  4915 | D:2      | XOM: silly message
  4931 | D:2      | Lost mutation: You are clumsy. (Dex -2) [potion of cure mutation]
  4931 | D:2      | Lost mutation: One of your tentacles bears a spike. [potion of cure mutation]
  4931 | D:2      | Lost mutation: Your spells are a little harder to cast, but a little more powerful. [potion of cure mutation]
  4931 | D:2      | Lost mutation: You occasionally shout uncontrollably at your foes. [potion of cure mutation]
  4931 | D:2      | Lost mutation: You are frail. (-10% HP) [potion of cure mutation]
  4995 | D:2      | XOM: harmless Conj miscast
  5175 | D:2      | XOM: mild Conj miscast
  5225 | D:2      | Reached XP level 4. HP: 18/31 MP: 4/4
  5508 | D:2      | XOM: summons 3 hostile shadow creatures
  5563 | D:2      | XOM: 4-stop teleportation journey
  5564 | D:2      | Noticed Jessica
  5567 | D:2      | XOM: medium Pois miscast
  5568 | D:2      | Killed Jessica
  5568 | D:2      | Reached skill level 4 in Shields
  5579 | D:2      | HP: 1/31 [frilled lizard (2)]
  5580 | D:2      | Slain by a frilled lizard

Skill      XL: |  1  2  3  4 |
---------------+-------------+-----
Shields        | 1 2 3 4 |  4.2
Fighting       | |  3.0
Polearms       | |  3.0
Dodging        | |  2.3

Action                   |  1- 3 |  4- 6 || total
-------------------------+-------+-------++-------
Melee: Spear             |    89 |    29 ||   118
       Tentacles         |    15 |     2 ||    17
       Constrict         |    20 |     5 ||    25
       Kick              |     8 |       ||     8
  Use: Potion            |     4 |       ||     4
 Stab: Sleeping          |     5 |     2 ||     7
       Distracted        |     1 |       ||     1
  Eat: Chunk             |    11 |     3 ||    14
Armor: Skin              |     6 |     2 ||     8
Dodge: Dodged            |    29 |    15 ||    44
Block: Shield            |    14 |     7 ||    21
